 Dungeon Crawl Stone Soup version 0.29.1-15-g9cfb28693d (webtiles) character file.

Game seed: 10359068730802912967

33994 sweetbreads the Earth Mage (level 13, -11/78 HPs)
             Began as a Gargoyle Earth Elementalist on May 1, 2023.
             Was an Elder of Vehumet.
             Killed from afar by a gargoyle (19 damage)
             ... with a stone arrow
             ... in a volcano.
             The game lasted 01:38:32 (18034 turns).

sweetbreads the Earth Mage (GrEE)                  Turns: 18034, Time: 01:38:33

Health: -11/78     AC: 20    Str: 11    XL:     13   Next: 74%
Magic:  1/19       EV: 16    Int: 22    God:    Vehumet [****..]
Gold:   648        SH:  5    Dex: 16    Spells: 5/20 levels left

rFire   + + .      SeeInvis .   a - staff of earth
rCold   + . .      Faith    .   (no shield)
rNeg    + . .      Spirit   .   l - +0 robe {rF+}
rPois   ∞          Reflect  +   (no helmet)
rElec   +          Harm     .   p - +1 cloak of Ugros {Will+}
rCorr   +          Rampage  .   h - +1 pair of gloves
Will    +....                   (no boots)
Stlth   +++.......              G - amulet of reflection
HPRegen 0.23/turn               Z - +6 ring of dexterity
MPRegen 0.16/turn               E - +4 ring of protection

@: resistant
A: sickness immunity, AC +9, negative energy resistance 1, electricity
resistance, torment resistance 1, petrification resistance
a: Renounce Religion


You were in a volcano.
You worshipped Vehumet.
Vehumet was greatly pleased with you.
You visited 3 branches of the dungeon, and saw 15 of its levels.
You also visited: Volcano.

You collected 1005 gold pieces.
You spent 357 gold pieces at shops.

Inventory:

Hand Weapons
 b - a +3 rapier of venom
 c - a +3 morningstar
 f - a +0 quarterstaff of freezing
 i - a +2 arbalest of flaming
 t - a +2 war axe of draining
Missiles
 k - 2 boomerangs of dispersal
 w - 2 datura-tipped darts
 I - 38 poisoned darts (quivered)
 J - a curare-tipped dart
Armour
 g - a +2 robe of cold resistance
 h - a +1 pair of gloves (worn)
 l - a +0 robe of fire resistance (worn)
 p - the +1 cloak of Ugros (worn) {Will+}
   (You found it on level 10 of the Dungeon)

   Will:      It increases your willpower.
 u - a +2 leather armour of willpower
 N - a +3 leather armour
 O - a +0 robe of willpower
 S - a +4 ring mail
Magical Staves
 a - a staff of earth (weapon)
Jewellery
 d - a ring of ice
 E - a +4 ring of protection (right hand)
 G - an amulet of reflection (around neck)
 H - an amulet of the acrobat
 W - an amulet of faith
 Z - a +6 ring of dexterity (left hand)
Wands
 v - a wand of light (19)
 y - a wand of roots (21)
 F - a wand of paralysis (19)
 K - a wand of polymorph (7)
 L - a wand of flame (19)
 P - a wand of digging (5)
Scrolls
 n - 3 scrolls of enchant weapon
 q - a scroll of fear
 s - a scroll of amnesia
 x - 2 scrolls of poison
 B - 4 scrolls of enchant armour
 C - a scroll of blinking
 D - 7 scrolls of teleportation
 M - 2 scrolls of identify
 Q - a scroll of butterflies
 R - 4 scrolls of magic mapping
Potions
 e - a potion of resistance
 j - 2 potions of magic
 m - a potion of invisibility
 o - 3 potions of cancellation
 r - 2 potions of haste
 z - 5 potions of flight
 T - 4 potions of curing
 U - 2 potions of brilliance
 V - a potion of berserk rage
 X - 2 potions of might


   Skills:
 - Level 8.0 Fighting
 * Level 3.2 Staves
 - Level 4.0 Armour
 * Level 7.6 Dodging
 - Level 4.0 Stealth
 - Level 4.0 Shields
 - Level 4.0 Spellcasting
 * Level 8.9 Conjurations
 - Level 4.0 Transmutations
 * Level 5.3 Ice Magic
 + Level 17.4 Earth Magic


You had 5 spell levels left.
You knew the following spells:

 Your Spells              Type           Power      Damage    Failure   Level
a - Sandblast             Erth           100%       2d20      0%          1
b - Stone Arrow           Conj/Erth      100%       3d13      1%          3
c - Petrify               Tmut/Erth      67%        N/A       1%          4
d - Hailstorm             Conj/Ice       35%        3d9       1%          4
e - Frozen Ramparts       Ice            54%        1d9       1%          3

Your spell library contained the following spells:

 Spells                   Type           Power      Damage    Failure   Level
 Sticky Flame             Conj/Fire      24%        2d5       5%          4
 Magic Dart               Conj           100%       1d8       1%          1
 Passwall                 Tmut/Erth      55%        N/A       1%          2
 Searing Ray              Conj           86%        2d7       1%          2
 Mephitic Cloud           Conj/Pois/Air  17%        N/A       2%          3
 Animate Armour           Summ/Erth      100%       N/A       3%          4
 Ignite Poison            Fire/Tmut/Pois 10%        N/A       5%          3
 Fulminant Prism          Conj/Hex       12%        3d9       5%          4
 Apportation              Tloc           8%         N/A       11%         1
 Necrotise                Necr           16%        1d4       11%         1
 Summon Small Mammal      Summ           16%        N/A       11%         1
 Freezing Cloud           Conj/Ice/Air   12%        6-21      12%         5
 Ice Form                 Ice/Tmut       24%        N/A       17%         4
 Gell's Gravitas          Tloc           4%         N/A       32%         3
 Lesser Beckoning         Tloc           4%         N/A       32%         3
 Teleport Other           Tloc           4%         N/A       32%         3
 Blade Hands              Tmut           11%        N/A       52%         5
 Iron Shot                Conj/Erth      38%        9d8       2%          6
 Eringya's Noxious Bog    Tmut/Pois      6%         N/A       85%         6
 Simulacrum               Ice/Necr       8%         N/A       99%         6
 Dispersal                Tloc           2%         N/A       100%        6


Dungeon Overview and Level Annotations

Branches:
Dungeon (10/15)            Temple (1/1) D:5            Lair (4/5) D:9
 Shoals (0/4) Lair:2        Snake (0/4) Lair:2        Slime (0/5) Lair:4
Volcano (1/1)
    Orc: D:9-12

Altars:
Ashenzari
Cheibriados
Dithmenos
Elyvilon
Fedhas
Gozag
Hepliaklqana
Kikubaaqudgha
Makhleb
Nemelex Xobeh
Okawaru
Qazlal
Ru
Sif Muna
Trog
Uskayaw
Vehumet
Wu Jian
Xom
Yredelemnul
Zin
The Shining One

Shops:
D:3 !   D:4 (

Annotations:
D:6 1 runed translucent door, growler's ghost, novice MfTm


Innate Abilities, Weirdness & Mutations

You are immune to sickness and miasma.
Your stone body is resilient. (AC +9)
You are immune to poison.
You resist negative energy. (rN+)
You are resistant to electric shocks. (rElec)
You are resistant to unholy torment.
You are immune to petrification.


Message History

Casting: Sandblast (safe; 0% risk of failure)
Confirm with . or Enter, or press ? or * to list all spells.
Aiming: Sandblast (safe; 0% risk of failure)
Press: ? - help, Shift-Dir - straight line, f/p - centaur
Aim: a centaur, wielding a +2 shortbow of flaming (heavily wounded, 91% to hit)
You feel a surge of power!
The blast of sand hits the gargoyle but does no damage.
The gargoyle is almost destroyed.
The frozen ramparts melt away.
The gargoyle hits you but does no damage.
The gargoyle hurls a stone arrow at you.
The stone arrow hits you!
* * * LOW HITPOINT WARNING * * *
Unknown command.
Unknown command.
Unknown command.
Unknown command.
Casting: Sandblast (safe; 0% risk of failure)
Confirm with . or Enter, or press ? or * to list all spells.
Aiming: Sandblast (safe; 0% risk of failure)
Press: ? - help, Shift-Dir - straight line, f/p - centaur
Aim: a centaur, wielding a +2 shortbow of flaming (heavily wounded, 91% to hit)
You feel a surge of power!
The blast of sand hits the gargoyle but does no damage.
The gargoyle is almost destroyed.
The gargoyle hits you with a +3 flail.
* * * LOW HITPOINT WARNING * * *
Unknown command.
Unknown command.
Casting: Sandblast (safe; 0% risk of failure)
Confirm with . or Enter, or press ? or * to list all spells.
Aiming: Sandblast (safe; 0% risk of failure)
Press: ? - help, Shift-Dir - straight line, f/p - centaur
Aim: a centaur, wielding a +2 shortbow of flaming (heavily wounded, 91% to hit)
You feel a surge of power!
The blast of sand hits the gargoyle but does no damage.
The gargoyle is almost destroyed.
The gargoyle hurls a stone arrow at you.
The stone arrow hits you!!
You die...

##....##.d
#......##)##
#.8..⌠.#.).#
#......'.∩.+
##....##.).#
########'## ##..# #c#
###...#####9##
#....§..##8@8#
##...≈§...#...##
#...§≈≈≈.......#
##...§≈§§≈.§§...##
####..≈≈≈≈§§≈§≈.....#
#..§.≈≈≈≈≈≈≈§§§§§..##
...§..§≈§≈§≈≈≈≈§§§..#
.....≈≈≈≈≈§≈≈§§≈≈§≈.#
..§≈≈§§§§§§≈≈≈≈≈≈≈≈§#


You could see a gargoyle and a centaur.

Vanquished Creatures
  A red draconian (Volcano)
  Fannar (Lair:1)
  2 hydras
  A centaur warrior (Volcano)
  A two-headed ogre (D:10)
  5 black mambas
  2 kobold demonologists
  A torpor snail (Lair:2)
  3 cane toads
  A rime drake (Lair:1)
  2 komodo dragons
  3 yaktaurs (Volcano)
  A troll (D:6)
  Grinder (D:3)
  4 hornets
  9 blink frogs (Lair:2)
  2 shadows
  Sigmund (D:4)
  33 yaks
  Eustachio (D:5)
  A wraith (D:7)
  6 fire bats (Volcano)
  A wyvern (Lair:2)
  2 basilisks
  Menkaure (D:4)
  4 nagas (Lair:2)
  13 water moccasins
  An ice beast (D:5)
  3 orc warriors
  3 sky beasts
  4 black bears
  4 ogres
  7 wolves (Lair:2)
  9 centaurs
  4 phantoms
  11 bullfrogs
  2 kobold brigands
  3 scorpions
  A wight (D:6)
  3 killer bees (D:10)
  4 electric eels (D:6)
  A howler monkey (D:5)
  7 lava snakes (Volcano)
  2 hounds (D:7)
  3 jellies
  A gnoll bouda (D:4)
  An iron imp (D:5)
  6 orc priests
  7 orc wizards
  6 iguanas
  A scorpion zombie (D:4)
  2 hound zombies (D:4)
  Robin (D:4)
  A howler monkey zombie (D:4)
  8 gnolls
  7 adders
  5 white imps
  3 ufetubi (D:5)
  3 dart slugs
  33 orcs
  4 endoplasms
  A giant cockroach (D:1)
  13 goblins
  5 hobgoblins
  7 jackals (D:4)
  23 kobolds
  7 quokkas
  6 ball pythons
  11 bats
  2 frilled lizards (D:1)
  A quokka zombie (D:4)
  3 rats
343 creatures vanquished.

Vanquished Creatures (others)
  A jackal (D:4)
  11 fungi
  37 plants
  2 withered plants (D:8)
51 creatures vanquished.

Grand Total: 394 creatures vanquished

Notes
Turn   | Place    | Note
-------+----------+-------------------------------------------
     0 | D:1      | sweetbreads the Gargoyle Earth Elementalist began the quest
                  | for the Orb.
     0 | D:1      | Reached XP level 1. HP: 10/10 MP: 3/3
   199 | D:1      | Reached skill level 1 in Transmutations
   199 | D:1      | Reached skill level 4 in Earth Magic
   199 | D:1      | Reached XP level 2. HP: 16/16 MP: 0/5
   463 | D:1      | Reached XP level 3. HP: 20/20 MP: 4/6
   563 | D:1      | Found a faded altar of an unknown god.
   667 | D:1      | Reached skill level 1 in Fighting
   932 | D:1      | Reached skill level 1 in Conjurations
  1483 | D:3      | Found a sparkling altar of Nemelex Xobeh.
  1535 | D:2      | Reached XP level 4. HP: 25/25 MP: 3/7
  1539 | D:2      | Learned a level 3 spell: Stone Arrow
  2532 | D:3      | Noticed Grinder
  2592 | D:3      | Killed Grinder
  2593 | D:3      | Reached skill level 5 in Earth Magic
  2593 | D:3      | Reached XP level 5. HP: 30/30 MP: 1/8
  2593 | D:3      | Reached XP level 6. HP: 35/35 MP: 1/9
  2782 | D:3      | Found an iron altar of Okawaru.
  2785 | D:3      | Found a shadowy altar of Dithmenos.
  2989 | D:3      | Found a blossoming altar of Fedhas.
  3093 | D:3      | Found Nesaamak's Distillery.
  3294 | D:4      | Found Gunosa's Antique Weapon Shop.
  3442 | D:4      | Reached skill level 6 in Earth Magic
  3492 | D:4      | Reached XP level 7. HP: 40/40 MP: 6/10
  3494 | D:4      | Noticed Sigmund
  3649 | D:4      | Noticed Menkaure
  3689 | D:5      | Entered Level 5 of the Dungeon
  3993 | D:4      | Reached skill level 7 in Earth Magic
  4077 | D:5      | Paralysed by a gnoll for 2 turns
  4151 | D:5      | Noticed Eustachio
  4231 | D:5      | Reached XP level 8. HP: 41/46 MP: 4/11
  4327 | D:5      | Reached skill level 1 in Armour
  4371 | D:5      | Reached skill level 8 in Earth Magic
  4468 | D:5      | Found a staircase to the Ecumenical Temple.
  4474 | Temple   | Entered the Ecumenical Temple
  4508 | Temple   | Became a worshipper of Vehumet
  4566 | D:5      | Reached skill level 1 in Shields
  4740 | D:5      | Killed Eustachio
  4967 | D:5      | Found a snail-covered altar of Cheibriados.
  5313 | D:6      | Found an opulent altar of Gozag.
  5313 | D:6      | Found a glowing silver altar of Zin.
  5371 | D:6      | Found a runed translucent door.
  5371 | D:6      | Noticed growler's ghost (novice MfTm)
  5385 | D:6      | Reached skill level 9 in Earth Magic
  5531 | D:6      | Reached XP level 9. HP: 52/52 MP: 9/12
  5702 | D:6      | Learned a level 4 spell: Petrify
  5780 | D:6      | Reached skill level 10 in Earth Magic
  5799 | D:6      | Reached * piety under Vehumet
  5799 | D:6      | Offered knowledge of Foxfire by Vehumet.
  5802 | D:6      | Reached skill level 1 in Ice Magic
  5836 | D:6      | Found a shimmering blue altar of Sif Muna.
  5961 | D:6      | Noticed a troll
  6214 | D:6      | Killed a troll
  6215 | D:6      | Reached skill level 11 in Earth Magic
  6263 | D:6      | Reached XP level 10. HP: 46/56 MP: 8/13
  6609 | D:7      | Identified the +2 robe of the Slightly Bent {Will- Str+8
                  | Int-4 Archmagi}
  7003 | D:4      | Bought a glowing dire flail for 217 gold pieces
  7060 | D:7      | Reached skill level 12 in Earth Magic
  7142 | D:7      | Offered knowledge of Poisonous Vapours by Vehumet.
  7191 | D:7      | Found a burning altar of Makhleb.
  7193 | D:7      | Reached ** piety under Vehumet
  7810 | D:3      | Bought a potion of haste for 140 gold pieces
  7952 | D:8      | Noticed a +0 dagger
  7952 | D:8      | Noticed a +0 spear
  7952 | D:8      | Noticed a +0 short sword
  7952 | D:8      | Noticed a +0 spear
  7952 | D:8      | Noticed a +0 falchion
  7952 | D:8      | Noticed a +0 falchion
  7952 | D:8      | Noticed a +0 dagger
  7953 | D:8      | Noticed a +0 short sword
  7963 | D:8      | Found a hide-covered altar of Uskayaw.
  7982 | D:8      | Noticed a cyclops
  8013 | D:8      | Found an ancient bone altar of Kikubaaqudgha.
  8095 | D:8      | Noticed a six-headed hydra
  8477 | D:8      | Found a white marble altar of Elyvilon.
  9006 | D:9      | Noticed a kobold demonologist
  9010 | D:9      | Killed a kobold demonologist
  9011 | D:9      | Reached skill level 5 in Fighting
  9320 | D:9      | Found a staircase to the Lair.
  9329 | D:9      | Reached skill level 13 in Earth Magic
  9820 | D:4      | Killed Menkaure
  9891 | D:4      | Offered knowledge of Inner Flame by Vehumet.
  9917 | D:4      | Reached *** piety under Vehumet
  9926 | D:4      | Killed Sigmund
  9927 | D:4      | Reached skill level 5 in Conjurations
 10218 | D:4      | Found an ornate altar of the Wu Jian Council.
 10388 | D:4      | Identified the +9 dagger of Responsibility {spect, Str+2}
 10434 | D:4      | Found a bloodstained altar of Trog.
 10502 | D:4      | Found a basalt altar of Yredelemnul.
 10642 | D:4      | Noticed Robin
 10643 | D:4      | Killed Robin
 11026 | Lair:1   | Entered Level 1 of the Lair of Beasts
 11053 | D:10     | Entered Level 10 of the Dungeon
 11479 | D:10     | Found a shimmering altar of Xom.
 11740 | D:10     | Reached XP level 11. HP: 64/64 MP: 14/14
 11958 | D:10     | Identified the +1 cloak of Ugros {Will+}
 11982 | D:10     | Noticed a two-headed ogre
 11993 | D:10     | Killed a two-headed ogre
 12363 | Lair:1   | Got the Vellum of the Filthy Barrage
 12369 | Lair:1   | Learned a level 4 spell: Hailstorm
 12390 | Lair:1   | Reached skill level 14 in Earth Magic
 12645 | Lair:1   | Offered knowledge of Frozen Ramparts by Vehumet.
 12824 | Lair:1   | Learned a level 3 spell: Frozen Ramparts
 12912 | Lair:1   | Reached skill level 15 in Earth Magic
 12912 | Lair:1   | Reached XP level 12. HP: 72/72 MP: 18/18
 12978 | Lair:1   | Noticed Fannar
 13226 | Lair:1   | Noticed a four-headed hydra
 13235 | Lair:1   | Killed a four-headed hydra
 13957 | Lair:1   | Killed Fannar
 14406 | Lair:2   | Reached XP level 13. HP: 66/78 MP: 14/19
 14624 | Lair:2   | Reached skill level 16 in Earth Magic
 14630 | Lair:2   | Found a staircase to the Shoals.
 14651 | Lair:2   | Reached **** piety under Vehumet
 14731 | Lair:2   | Found a staircase to the Snake Pit.
 14842 | Lair:2   | Reached skill level 1 in Staves
 14847 | Lair:2   | Offered knowledge of Sticky Flame by Vehumet.
 16558 | Lair:3   | Reached skill level 17 in Earth Magic
 17209 | Lair:4   | Reached skill level 5 in Ice Magic
 17221 | Lair:4   | Found a dark tunnel.
 17271 | Volcano  | Entered a volcano
 18003 | Volcano  | Found a radiant altar of Vehumet.
 18010 | Volcano  | Noticed a red draconian
 18029 | Volcano  | Killed a red draconian
 18034 | Volcano  | Killed from afar by a gargoyle

Illustrated notes

Levels and vault maps discovered:
D:1:      minmay_arrival_doors, layout_basic, chequers_ecumenical_altar_twisty
D:2:      layout_loops_corners, hangedman_abyss_or_decor_lesser_grid
D:3:      layout_rooms, lemuel_coloured_pillars_altar, fedhas_ov_isle_minmay,
          mainiacjoe_overflow_catwalk_spiral, serial_shops, shop, uniq_grinder
D:4:      layout_loops_ring, mainiacjoe_overflow_small_starburst, trog_book,
          nicolae_yredelemnul_corpse_copse, serial_shops, nicolae_diamond_shop,
          uniq_robin, uniq_menkaure, uniq_sigmund
D:5:      layout_rooms, slow_altar_1, minmay_temple_entry_arrows,
          corner_web_ring, minmay_diced_spiral, uniq_eustachio
D:6:      cheibrodos_fzero, layout_basic, grunt_temple_overflow_gold_and_silver,
          kennysheep_mini_moat, hellmonk_ghost_happy_afterlife,
          serial_bayou_lagoon_b
D:7:      cheibrodos_helix_gallery, layout_gridville, makhleb_heckhound_becter
D:8:      layout_basic, kiku_gazebo_garden_becter, nicolae_uskayaw_en_pointe,
          lemuel_doored_altar, nicolae_concentric_dashed_squares_mild
D:9:      layout_basic, lair_entry_dummy
D:10:     layout_roguey, mainiacjoe_overflow_concentric_impassable,
          serial_curves, eino_curves_04, eino_curves_03
Temple:   nicolae_temple_ecumenical_triangle
Lair:1:   layout_misc_corridors, chequers_serial_rivers_micro_b, uniq_fannar
Lair:2:   layout_hall_layers, minmay_shoals_entry_centaurs,
          minmay_snake_entry_guardpost_small
Lair:3:   layout_regular_city, minivault_24, minmay_hedge_maze
Lair:4:   beast_lair_carwin_large_3, layout_regular_city, slime_entry_1,
          nicolae_volcano_entry_two_sided, uniq_josephine
Volcano:  volcano_grotto [vgs_many_chambers]

Skill      XL: |  1  2  3  4  5  6  7  8  9 10 11 12 13 |
---------------+----------------------------------------+-----
Transmutations | 1 2 3 4 |  4.0
Earth Magic    | 4 5 6 7 9 11 13 15 17 | 17.4
Fighting       | 1 2 3 4 5 7 8 |  8.0
Conjurations   | 1 2 3 4 5 7 8 |  8.9
Dodging        | 2 3 4 6 7 |  7.6
Stealth        | 3 4 |  4.0
Armour         | 2 4 |  4.0
Shields        | 1 3 4 |  4.0
Ice Magic      | 2 3 4 5 |  5.3
Spellcasting   | 4 |  4.0
Staves         | 3 |  3.2

Action                   |  1- 3 |  4- 6 |  7- 9 | 10-12 | 13-15 || total
-------------------------+-------+-------+-------+-------+-------++-------
Melee: Mace              |    11 |    13 |       |       |       ||    24
       Morningstar       |       |     6 |       |       |       ||     6
       Rapier            |       |       |     6 |    11 |       ||    17
       Punch             |       |       |       |     1 |       ||     1
       Staff             |       |       |       |       |     7 ||     7
Throw: Dart              |       |     2 |    14 |     6 |     2 ||    24
       Throwing net      |       |       |     1 |       |       ||     1
 Cast: Sandblast         |    47 |    58 |   129 |   278 |   233 ||   745
       Stone Arrow       |       |       |     2 |       |     4 ||     6
       Petrify           |       |       |       |     2 |     1 ||     3
       Frozen Ramparts   |       |       |       |       |    10 ||    10
       Hailstorm         |       |       |       |       |     5 ||     5
  Use: Scroll            |       |       |       |    26 |     4 ||    30
       Potion            |       |       |       |     3 |     5 ||     8
Armor: Robe              |    11 |    12 |    13 |       |    29 ||    65
       Leather armour    |       |       |     5 |    86 |    61 ||   152
Dodge: Dodged            |    34 |    29 |    84 |    99 |   169 ||   415
Block: Other             |       |       |     6 |    33 |    44 ||    83
       Reflection        |       |       |       |     4 |     1 ||     5
